 Dungeon Crawl Stone Soup version 0.32-a0-305-gcc768c7 (webtiles) character file.

Game seed: 4230449766571783870

2636593 sdynet the Fetichist (level 24, 197/197 HPs)
             Began as a Gnoll Monk on Jan 8, 2024.
             Was a High Priest of Okawaru.
             Escaped with the Orb
             ... and 3 runes
             ... and 5 gems on Feb 14, 2024!
             The game lasted 03:40:50 (40123 turns).

sdynet the Fetichist (Gnoll Monk)                  Turns: 40123, Time: 03:40:50

Health: 197/197    AC: 39    Str: 16    XL:     24   Next: 42%
Magic:  39/39      EV: 17    Int: 10    God:    Okawaru [*****.]
Gold:   2616       SH: 23    Dex: 18    Spells: 8/56 levels left

rFire   + + +        a - +4 demon whip "Gearob" {vamp, ^Contam rC+++ rCorr Str-4}
rCold   + + +        Z - +2 tower shield {reflect}
rNeg    . . .        T - +10 plate armour of the Aged Wishes {rF+ Regen+ rCorr Str+4}
rPois   +            O - +1 hat "Ifuuqots" {Rampage rF++ SInv}
rElec   +            k - +2 cloak {rPois}
rCorr   +            h - +2 pair of gloves
SInv    +            g - +2 pair of boots {Fly}
Will    +++++        r - amulet of faith
Stlth   +            n - ring of the Saviour {Will++ EV+5 Slay+3}
HPRegen 1.32/turn    v - ring of the Tempest {rElec Will++ rCorr Str-3 Dex+2}
MPRegen 0.26/turn

%: reflection, rampage, faith
@: flying, studying 2 skills
A: fangs 1, strong nose, distributed training, low MP 1, weak 1
0: Orb of Zot
}: 3/15 runes: serpentine, barnacled, silver
a: Renounce Religion, Heroism, Finesse, Duel


You escaped.
You worshipped Okawaru.
Okawaru was extremely pleased with you.
You visited 9 branches of the dungeon, and saw 45 of its levels.
You visited 1 bazaar.
You also visited: Trove, Bailey and Gauntlet.

You collected 6182 gold pieces.
You spent 3566 gold pieces at shops.

Inventory:

Hand Weapons
 a - the +4 demon whip "Gearob" (weapon) {vamp, ^Contam rC+++ rCorr Str-4}
   (Okawaru gifted it to you on level 3 of the Lair of Beasts)

   Str-4:     It affects your strength (-4).
   rC+++:     It renders you almost immune to cold.
   ^Contam:   It causes magical contamination when unequipped.
   rCorr:     It protects you from acid and corrosion.
Missiles
 d - 22 javelins
 t - 2 throwing nets
 L - a datura-tipped dart
 M - 25 silver javelins
 P - 2 darts of dispersal
 Q - 10 atropa-tipped darts
 W - 7 boomerangs (quivered)
 Y - 9 curare-tipped darts
Armour
 g - a +2 pair of boots of flying (worn)
 h - a +2 pair of gloves (worn)
 k - a +2 cloak of poison resistance (worn)
 A - the +0 cloak of Hepliaklqana's Whim {rN+ Will- Regen+ Str+3}
   (You found it on level 8 of the Dungeon)

   Str+3:     It affects your strength (+3).
   rN+:       It protects you from negative energy.
   Will-:     It decreases your willpower.
   Regen+:    It increases your rate of health regeneration.
 O - the +1 hat "Ifuuqots" (worn) {Rampage rF++ SInv}
   (You found it on level 2 of the Lair of Beasts)

   rF++:      It greatly protects you from fire.
   SInv:      It lets you see invisible.
   Rampage:   It bestows one free step when moving towards enemies.
 T - the +10 plate armour of the Aged Wishes (worn) {rF+ Regen+ rCorr Str+4}
   (You found it in a Gauntlet)

   Str+4:     It affects your strength (+4).
   rF+:       It protects you from fire.
   Regen+:    It increases your rate of health regeneration.
   rCorr:     It protects you from acid and corrosion.
 Z - a +2 tower shield of reflection (worn)
Jewellery
 c - the ring "Luod" {rPois Will+ Str+3}
   (You took it off a tengu reaver on level 5 of the Vaults)

   [ring of poison resistance]

   Str+3:     It affects your strength (+3).
   rPois:     It protects you from poison Will+: It increases your willpower.
 e - the ring of Nihilism {rF+ rN+}
   (You found it in a Gauntlet)

   [ring of positive energy]

   rF+:       It protects you from fire.
   rN+:       It protects you from negative energy.
 n - the ring of the Saviour (left hand) {Will++ EV+5 Slay+3}
   (You bought it in a shop on level 1 of the Orcish Mines)

   [ring of evasion]

   EV+5:      It affects your evasion (+5).
   Slay+3:    It affects your accuracy & damage with ranged weapons and melee
   (+3).
   Will++:    It greatly increases your willpower.
 r - an amulet of faith (around neck)
 v - the ring of the Tempest (right hand) {rElec Will++ rCorr Str-3 Dex+2}
   (You bought it in a shop on level 2 of the Orcish Mines)

   [ring of resist corrosion]

   Str-3:     It affects your strength (-3).
   Dex+2:     It affects your dexterity (+2).
   rElec:     It insulates you from electricity.
   Will++:    It greatly increases your willpower.
   rCorr:     It protects you from acid and corrosion.
Wands
 i - a wand of polymorph (8)
 I - a wand of roots (12)
 J - a wand of flame (40)
 N - a wand of digging (3)
 R - a wand of quicksilver (14)
 X - a wand of mindburst (17)
Scrolls
 p - 6 scrolls of vulnerability
 s - 11 scrolls of teleportation {!r}
 w - 3 scrolls of fog {!r}
 y - 6 scrolls of blinking
 C - 8 scrolls of immolation
 K - 3 scrolls of silence {!r}
 U - 2 scrolls of fear {!r}
Potions
 b - a potion of berserk rage {!q}
 f - 2 potions of magic {!q}
 m - 8 potions of heal wounds {!q}
 o - a potion of attraction
 q - 8 potions of enlightenment {!q!q}
 u - 8 potions of curing {!q}
 z - 2 potions of ambrosia {!q}
 E - 5 potions of brilliance {!q}
 F - 5 potions of lignification {!q}
 G - a potion of invisibility {!q}
 H - a potion of resistance {!q}
 V - a potion of might {!q}
Miscellaneous
 j - a tin of tremorstones (1/2)
 x - a phial of floods


   Skills:
 + Level 17.9 Fighting
 + Level 16.8 Short Blades
 + Level 16.8 Long Blades
 + Level 16.8 Axes
 + Level 18.9 Maces & Flails
 + Level 17.9 Polearms
 + Level 16.8 Staves
 + Level 16.8 Ranged Weapons
 + Level 16.8 Throwing
 + Level 16.8 Armour
 + Level 17.9 Dodging
 + Level 16.8 Stealth
 + Level 16.8 Shields
 + Level 16.8 Unarmed Combat
 + Level 16.8 Spellcasting
 + Level 14.3 Conjurations
 + Level 14.3 Hexes
 + Level 14.3 Summonings
 + Level 14.3 Necromancy
 + Level 14.3 Translocations
 + Level 14.3 Fire Magic
 + Level 14.3 Ice Magic
 + Level 14.3 Air Magic
 + Level 14.3 Earth Magic
 + Level 14.3 Alchemy
 + Level 18.2 Invocations
 + Level 19.7 Evocations
 + Level 15.5 Shapeshifting


You had 8 spell levels left.
You knew the following spells:

 Your Spells              Type           Power      Damage    Failure   Level
a - Sandblast             Erth           74%        2d16      1%          1
b - Stone Arrow           Conj/Erth      74%        3d11      2%          3
c - Inner Flame           Hex/Fire       37%        N/A       2%          3
d - Sticky Flame          Fire/Alch      37%        2d8       9%          4
e - Frozen Ramparts       Ice            74%        1d12      2%          3
f - Leda's Liquefaction   Alch/Erth      18%        N/A       9%          4
g - Dazzling Flash        Conj/Hex       74%        N/A       2%          3
h - Passage of Golubria   Tloc           37%        N/A       9%          4
i - Silence               Hex/Air        18%        N/A       22%         5
j - Yara's Violent Unrav  Hex/Alch       18%        3d9       22%         5
k - Fulminant Prism       Conj/Alch      18%        3d10      9%          4
q - Blink                 Tloc           74%        N/A       1%          2
A - Apportation           Tloc           74%        N/A       1%          1
P - Passwall              Erth           37%        N/A       2%          3
S - Swiftness             Air            37%        N/A       2%          3

Your spell library contained the following spells:

 Spells                   Type           Power      Damage    Failure   Level
 Magic Dart               Conj           100%       1d8       1%          1
 Necrotise                Necr           100%       1d9       1%          1
 Shock                    Conj/Air       100%       1d9       1%          1
 Slow                     Hex            100%       N/A       1%          1
 Sting                    Conj/Alch      100%       1d9       1%          1
 Searing Ray              Conj           74%        2d7       1%          2
 Static Discharge         Conj/Air       74%        3-7/arc   1%          2
 Confusing Touch          Hex            37%        N/A       2%          3
 Mephitic Cloud           Conj/Alch/Air  37%        N/A       2%          3
 Sigil of Binding         Hex            37%        N/A       2%          3
 Vampiric Draining        Necr           37%        2d8       2%          3
 Airstrike                Air            18%        2d(3-19)  9%          4
 Brom's Barrelling Bould  Conj/Erth      37%        2d6       9%          4
 Flame Wave               Conj/Fire      37%        2d10      9%          4
 Petrify                  Alch/Erth      37%        N/A       9%          4
 Curse of Agony           Necr           37%        N/A       22%         5
 Lee's Rapid Deconstruct  Erth           18%        3d11*     22%         5
 Metabolic Englaciation   Hex/Ice        18%        N/A       22%         5
 Bombard                  Conj/Erth      18%        9d4       77%         6
 Conjure Ball Lightning   Conj/Air       18%        3x3d6     77%         6
 Starburst                Conj/Fire      18%        6d7       77%         6
 Orb of Destruction       Conj           18%        9d8       100%        7
 Discord                  Hex            18%        N/A       100%        8
 Disjunction              Tloc           18%        N/A       100%        8
 Summon Small Mammal      Summ           Unusable   N/A       N/A         1
 Call Imp                 Summ           Unusable   N/A       N/A         2
 Tukima's Dance           Hex            Unusable   N/A       N/A         3
 Animate Armour           Summ/Erth      Unusable   N/A       N/A         4
 Summon Blazeheart Golem  Fire/Summ      Unusable   N/A       N/A         4
 Summon Lightning Spire   Summ/Air       Unusable   N/A       N/A         4
 Summon Mana Viper        Hex/Summ       Unusable   N/A       N/A         5
 Spellforged Servitor     Conj/Summ      Unusable   N/A       N/A         7

Dungeon Overview and Level Annotations

Branches:
Dungeon (15/15)            Temple (1/1) D:4            Lair (5/5) D:9
 Shoals (4/4) Lair:3        Snake (4/4) Lair:3        Slime (0/5) Lair:4
    Orc (2/2) D:12            Elf (0/3) Orc:2        Vaults (5/5) D:14
  Crypt (0/3) Vaults:3     Depths (4/4) D:15            Zot (5/5) Depths:4
 Bailey (visited)         Gauntlet (visited)

Altars:
Ashenzari
Cheibriados
Dithmenos
Elyvilon
Fedhas
Gozag
Hepliaklqana
Kikubaaqudgha
Makhleb
Nemelex Xobeh
Okawaru
Qazlal
Ru
Sif Muna
Trog
Uskayaw
Vehumet
Wu Jian
Xom
Yredelemnul
Zin
The Shining One
Beogh
Jiyva

Shops:
D:15 [   Orc:1 =   Orc:2 **[*   Shoals:1 [   Shoals:3 [*=   Depths:3 =:=
Depths:4 !(

Portals:
Hell: Lair:5 Depths:3 Depths:4
Pandemonium: Depths:2
Ziggurat: Depths:2

Annotations:
D:9 3 runed translucent doors, exclusion: 3 doors, roomforsquares's ghost, novice TrFi
Orc:1 3 runed translucent doors, Hufalaah's ghost, journeyman DsGl


Innate Abilities, Weirdness & Mutations

You have very sharp teeth.
Your uncanny sense of smell can sniff out nearby items.
Your experience applies equally to all skills.
Your magical capacity is low. (-10% MP)
You are weak. (Str -2)


Message History

You fly upwards.
There is a stone staircase leading down here.
You feel like a meek peon again.
A shadow demon comes into view.
You block the shadow demon's attack.
You barely miss the shadow demon. Your bite misses the shadow demon.
You hit the shadow demon. Your bite misses the shadow demon.
The shadow demon is lightly wounded.
You block the shadow demon's attack.
You hit the shadow demon but do no damage.
The shadow demon is lightly wounded.
The shadow demon hits you but does no damage.
You whack the shadow demon!
The shadow demon is moderately wounded.
You whack the shadow demon!
The shadow demon is heavily wounded.
You block the shadow demon's attack.
You hit the shadow demon.
You bite the shadow demon, but do no damage.
The shadow demon is heavily wounded.
You closely miss the shadow demon.
The shadow demon is heavily wounded.
The shadow demon gestures.
You closely miss the shadow demon. You bite the shadow demon.
The shadow demon is heavily wounded.
The shadow demon hits you but does no damage.
You whack the shadow demon!
The shadow demon is severely wounded.
You block the gnoll's attack.
You barely miss the shadow demon. Your bite misses the shadow demon.
The shadow demon is severely wounded.
The shadow demon gestures.
You block the gnoll's attack.
You thrash the shadow demon!!
You kill the shadow demon!
Okawaru accepts your kill.
The gnoll dissolves into shadows!
The ball python dissolves into shadows!
The goblin dissolves into shadows!
The hobgoblin dissolves into shadows!
There is a staircase leading out of the dungeon here.
You have escaped!

#
#...........###.~≈~≈#
#
#.............ß.~.~≈#
#
#........ßß......~~≈#
#
###..............~~≈#
# #.............~~~≈#
# ##........ß..~.~~≈#
#...........~~~~≈#
#..........~~.~~≈#
##.......@.~~~≈≈≈#
#........~~~~~≈≈#
##......~.~~≈~≈≈≈#
#.....~~~~~≈~≈≈≈≈#
#~~..~~~~~≈≈≈≈≈≈≈#
#~.~~.~~~~≈≈≈≈≈≈≈#
#~~≈~~~~≈≈≈≈≈≈≈≈≈#
#≈≈≈≈≈≈≈≈≈≈≈≈≈≈≈≈
############


There were no monsters in sight!

Vanquished Creatures
  A seraph (Zot:2)
  2 ancient liches
  A dread lich (Vaults:5)
  Mara (Snake:4)
  2 orbs of fire (Zot:5)
  2 pandemonium lords (Zot:5)
  Sojobo (Depths:2)
  A Killer Klown (Zot:5)
  Saint Roka (Vaults:5)
  Bai Suzhen (Vaults:2)
  A curse toe (Zot:3)
  Vashnia (Snake:3)
  3 golden dragons
  Norris (Vaults:3)
  A Tzitzimitl (D:9)
  An electric golem (Zot:1)
  A doom hound (Depths:4)
  2 Ice Fiends
  A Brimstone Fiend (Depths:4)
  12 tentacled monstrosities
  22 Orb Guardians
  Rupert (D:12)
  Grunn (Depths:4)
  Mlioglotl (Arena)
  2 liches
  6 titans (Vaults:5)
  8 quicksilver dragons
  5 sphinxes
  2 death cobs
  An Executioner (Zot:5)
  3 shadow dragons
  6 storm dragons
  Polyphemus (Shoals:3)
  8 tengu reavers
  A nagaraja (Snake:4)
  Aizul (Vaults:2)
  2 draconian monks
  A protean progenitor (Zot:4)
  A daeva (Zot:2)
  A balrug (Zot:2)
  3 iron dragons
  3 draconian shifters
  6 frost giants
  A draconian knight (Zot:2)
  A deep elf sorcerer (Vaults:5)
  3 fire giants
  12 vault wardens
  3 draconian scorchers
  Louise (Snake:3)
  A formless jellyfish (Vaults:4)
  11 ironbound preservers
  8 stone giants
  2 angels
  3 draconian annihilators
  A draconian stormcaller (Zot:5)
  13 very ugly things
  5 ironbound thunderhulks
  The ghost of Wiowk the Grappler, a journeyman TrBe of Trog (Lair:3)
  3 vampire knights
  13 green draconians
  A deep elf demonologist (Vaults:5)
  A minotaur (Gauntlet)
  4 black draconians
  A lorocyproca (Depths:2)
  2 war gargoyles
  3 dire elephants (Vaults:4)
  3 purple draconians
  The ghost of Qiar the Fighter, a journeyman DsGl of Cheibriados (Lair:4)
  Snorg (D:10)
  3 spark wasps (Depths:4)
  Azrael (Orc:2)
  2 red draconians
  2 white draconians
  A deep elf annihilator (Vaults:5)
  2 eidola (Vaults:3)
  3 fire dragons
  3 yellow draconians
  2 blizzard demons (Zot:5)
  A green death (Zot:2)
  5 merfolk impalers (Shoals:4)
  3 merfolk javelineers
  12 ettins
  2 entropy weavers
  11 yaktaur captains
  3 deep elf high priests
  Josephine (D:10)
  7 great orbs of eyes
  9 ice dragons
  4 salamander tyrants
  5 rakshasas
  2 hell beasts
  A peacekeeper (Vaults:3)
  Fannar (Lair:2)
  29 vault guards
  8 hydras
  3 ogre magi (Vaults:5)
  3 ironbound frosthearts
  12 anacondas
  A merfolk avatar (Shoals:3)
  2 spriggan air magi (Depths:3)
  A catoblepas (Shoals:3)
  Erica (D:10)
  9 boulder beetles
  12 centaur warriors
  5 deep troll shamans
  10 naga warriors (Snake:4)
  12 two-headed ogres
  A vampire mage (Vaults:3)
  4 tengu warriors
  9 death yaks
  4 deep troll earth magi
  A satyr (Shoals:4)
  A demonic crawler (Zot:2)
  19 naga sharpshooters
  7 orc high priests
  2 occultists
  2 shock serpents (Snake:4)
  8 sun demons
  Sonja (D:10)
  A soul eater (Depths:2)
  6 salamander mystics
  9 skysharks
  A fire crab (Orc:1)
  14 skeletal warriors
  Lodul (D:13)
  5 iron trolls
  A golden dragon zombie (Depths:1)
  A shadow demon (D:1)
  7 arcanists
  10 mana vipers
  2 glowing orange brains (Gauntlet)
  A flayed ghost (Depths:2)
  47 deep trolls
  An orange crystal statue (Gauntlet)
  A sun moth (Zot:1)
  7 sea snakes
  An obsidian statue (Zot:5)
  2 naga ritualists
  8 ironbound convokers
  26 harpies
  3 necromancers
  5 orc knights
  5 phantasmal warriors
  12 lindwurms
  4 oklob plants (Lair:4)
  22 ugly things
  2 orb spiders (shapeshifter) (Vaults:5)
  5 deep elf pyromancers
  8 orc sorcerers
  A wolf spider (D:13)
  A stone giant zombie (Depths:1)
  7 cyclopes
  2 fauns
  17 manticores
  12 moths of wrath
  17 salamanders
  8 meliai
  13 vault sentinels
  3 centaur zombies (D:15)
  4 water nymphs
  A black mamba (shapeshifter) (D:13)
  Maurice (D:9)
  4 elephants (Lair:2)
  A torpor snail (Lair:2)
  7 merfolk sirens
  3 rust devils
  9 guardian serpents (Snake:4)
  A frost giant skeleton (Depths:1)
  A centaur skeleton (D:15)
  2 orange demons (Lair:5)
  8 naga magi
  A torpor snail (shapeshifter) (Vaults:4)
  14 black mambas
  5 gargoyles
  10 cane toads
  2 smoke demons
  Maggie (Lair:2)
  3 unseen horrors
  10 komodo dragons
  An unseen horror (shapeshifter) (D:13)
  A hellion (Depths:3)
  6 rime drakes
  A rime drake (shapeshifter) (D:13)
  An efreet (D:13)
  2 ice devils (Lair:5)
  2 tormentors
  2 tengu conjurers
  3 freezing wraiths
  Psyche (D:8)
  16 yaktaurs
  2 red devils
  A wind drake (shapeshifter) (D:13)
  8 merfolk
  7 trolls
  2 wind drakes
  4 hellwings
  A hornet (Vaults:5)
  3 polar bears
  A tarantella (Vaults:5)
  10 blink frogs
  Grinder (D:3)
  A glass eye (Zot:1)
  A dream sheep (shapeshifter) (Vaults:5)
  A stone giant simulacrum (Depths:1)
  Sigmund (D:2)
  4 snapping turtles
  18 dream sheep
  10 slime creatures
  A vampire (D:11)
  3 centaur simulacra
  6 wraiths
  6 water elementals
  3 wyverns
  4 fire elementals (Orc:2)
  53 yaks
  3 steam dragons (D:9)
  A neqoxec (D:13)
  3 wargs
  3 redbacks
  8 vampire mosquitoes
  2 chaos spawn
  7 basilisks
  A human zombie (Depths:1)
  20 nagas
  6 acid dragons
  17 water moccasins
  11 hell hounds
  A black bear (D:5)
  2 sky beasts
  4 laughing skulls
  39 orc warriors
  3 ice beasts
  13 centaurs
  20 ogres
  7 wolves
  A phantom (D:5)
  A kobold brigand (D:11)
  17 bullfrogs
  4 scorpions
  4 necrophages (D:4)
  A small abomination (Zot:5)
  4 wights (D:6)
  10 killer bees
  2 electric eels (Snake:3)
  A howler monkey (D:11)
  42 orc priests
  A wyvern simulacrum (Gauntlet)
  A bombardier beetle (D:4)
  2 hounds
  Crazy Yiuf (D:3)
  Jessica (D:3)
  5 iguanas
  Natasha (thrice) (D:3)
  A scorpion zombie (D:4)
  43 orc wizards
  6 hell rats (Lair:4)
  A hound zombie (D:4)
  7 gnolls
  6 adders
  2 shadow imps
  2 white imps
  6 ufetubi
  An adder zombie (D:4)
  2 dart slugs
  3 ribbon worms
  92 orcs
  14 endoplasms
  2 giant cockroaches (D:2)
  4 goblins
  8 hobgoblins
  7 jackals
  19 kobolds
  2 quokkas
  8 ball pythons
  9 bats
  A frilled lizard (D:3)
  3 rats
  An aspiring flesh (Zot:4)
1572 creatures vanquished.

Vanquished Creatures (collateral kills)
  4 Orb Guardians (Zot:5)
  A nagaraja (Snake:4)
  A draconian shifter (Zot:5)
  5 dire elephants (Vaults:4)
  A naga warrior (Snake:4)
  A naga sharpshooter (Snake:4)
  A naga ritualist (Snake:4)
  An ironbound convoker (Vaults:3)
  A lindwurm (Snake:4)
  A salamander (Snake:4)
  A black mamba (Snake:4)
  A redback (Vaults:4)
19 creatures vanquished.

Vanquished Creatures (others)
  An Orb Guardian (Zot:5)
  A rakshasa (Depths:2)
  An ironbound frostheart (Vaults:2)
  A shock serpent (Snake:4)
  A skyshark (Vaults:3)
  A lindwurm (Snake:4)
  A harpy (Shoals:3)
  A meliai (D:15)
  A black mamba (Snake:4)
  3 yaktaurs
  A yak (Lair:3)
  A chaos spawn (Depths:4)
  A naga (Snake:4)
  An orc priest (Orc:2)
  2 orc wizards
18 creatures vanquished.

Grand Total: 1609 creatures vanquished

Notes
Turn   | Place    | Note
-------+----------+-------------------------------------------
     0 | D:1      | sdynet the Gnoll Monk began the quest for the Orb.
     0 | D:1      | Reached XP level 1. HP: 23/23 MP: 1/1
   145 | D:1      | Reached XP level 2. HP: 29/29 MP: 2/2
   231 | D:1      | Reached XP level 3. HP: 35/35 MP: 3/3
   293 | D:1      | Reached skill level 1 in Invocations
  1011 | D:2      | Reached skill level 1 in Short Blades
  1011 | D:2      | Reached skill level 1 in Long Blades
  1011 | D:2      | Reached skill level 1 in Axes
  1011 | D:2      | Reached skill level 1 in Maces & Flails
  1011 | D:2      | Reached skill level 1 in Staves
  1011 | D:2      | Reached skill level 1 in Ranged Weapons
  1011 | D:2      | Reached skill level 1 in Throwing
  1011 | D:2      | Reached skill level 1 in Armour
  1011 | D:2      | Reached skill level 1 in Stealth
  1011 | D:2      | Reached skill level 1 in Shields
  1011 | D:2      | Reached skill level 1 in Unarmed Combat
  1011 | D:2      | Reached skill level 1 in Spellcasting
  1011 | D:2      | Reached skill level 1 in Evocations
  1241 | D:2      | Reached skill level 1 in Shapeshifting
  1241 | D:2      | Reached XP level 4. HP: 36/41 MP: 5/5
  1347 | D:2      | Noticed Sigmund
  1354 | D:2      | Killed Sigmund
  1355 | D:2      | Reached skill level 1 in Conjurations
  1355 | D:2      | Reached skill level 1 in Hexes
  1355 | D:2      | Reached skill level 1 in Summonings
  1355 | D:2      | Reached skill level 1 in Necromancy
  1355 | D:2      | Reached skill level 1 in Translocations
  1355 | D:2      | Reached skill level 1 in Fire Magic
  1355 | D:2      | Reached skill level 1 in Ice Magic
  1355 | D:2      | Reached skill level 1 in Air Magic
  1355 | D:2      | Reached skill level 1 in Earth Magic
  1355 | D:2      | Reached skill level 1 in Alchemy
  1355 | D:2      | Reached XP level 5. HP: 47/47 MP: 5/7
  1355 | D:2      | Reached XP level 6. HP: 53/53 MP: 5/8
  1821 | D:3      | Identified the +5 short sword "Esahes" {flame, rPois rN+
                  | Dex+2}
  1842 | D:3      | Reached skill level 2 in Evocations
  2194 | D:3      | Noticed Natasha
  2195 | D:3      | Noticed Grinder
  2200 | D:3      | Killed Natasha
  2222 | D:3      | Killed Grinder
  2223 | D:3      | Reached XP level 7. HP: 21/60 MP: 10/10
  2484 | D:3      | Noticed Natasha
  2491 | D:3      | Killed Natasha
  2531 | D:3      | Noticed Jessica
  2534 | D:3      | Killed Jessica
  2715 | D:3      | Found a runed translucent door.
  2716 | D:3      | Noticed Crazy Yiuf
  2728 | D:3      | Killed Crazy Yiuf
  2908 | D:3      | Noticed Natasha
  2918 | D:3      | Killed Natasha
  3151 | D:4      | Reached skill level 3 in Evocations
  3151 | D:4      | Reached XP level 8. HP: 57/67 MP: 12/12
  3320 | D:4      | Found a staircase to the Ecumenical Temple.
  3354 | Temple   | Entered the Ecumenical Temple
  3459 | D:4      | Found a blossoming altar of Fedhas.
  4116 | D:5      | Entered Level 5 of the Dungeon
  4252 | Temple   | Became a worshipper of Warmaster Okawaru
  4252 | Temple   | Reached * piety under Okawaru
  4252 | Temple   | Reached ** piety under Okawaru
  4415 | D:5      | Reached XP level 9. HP: 73/73 MP: 14/14
  4439 | D:5      | Reached skill level 4 in Evocations
  4718 | D:5      | Found a white marble altar of Elyvilon.
  5232 | D:6      | Found a hide-covered altar of Uskayaw.
  5252 | D:6      | Reached *** piety under Okawaru
  5599 | D:6      | Reached skill level 5 in Invocations
  6981 | D:7      | Reached **** piety under Okawaru
  7178 | D:7      | Found a hazy altar of Hepliaklqana.
  7519 | D:8      | Reached skill level 5 in Short Blades
  7519 | D:8      | Reached skill level 5 in Long Blades
  7519 | D:8      | Reached skill level 5 in Axes
  7519 | D:8      | Reached skill level 5 in Maces & Flails
  7519 | D:8      | Reached skill level 5 in Staves
  7519 | D:8      | Reached skill level 5 in Ranged Weapons
  7519 | D:8      | Reached skill level 5 in Throwing
  7519 | D:8      | Reached skill level 5 in Armour
  7519 | D:8      | Reached skill level 5 in Stealth
  7519 | D:8      | Reached skill level 5 in Shields
  7519 | D:8      | Reached skill level 5 in Unarmed Combat
  7519 | D:8      | Reached skill level 5 in Spellcasting
  7519 | D:8      | Reached skill level 5 in Evocations
  7522 | D:8      | Reached XP level 10. HP: 80/81 MP: 17/17
  7917 | D:8      | Noticed Psyche
  7920 | D:8      | Killed Psyche
  7945 | D:8      | Found a transporter.
  7947 | D:8      | Found a transporter.
  7955 | D:8      | Noticed a cyclops
  7968 | D:8      | Killed a cyclops
  8016 | D:8      | Identified the +0 cloak of Hepliaklqana's Whim {rN+ Will-
                  | Regen+ Str+3}
  8303 | D:8      | Learned a level 3 spell: Passwall
  8307 | D:8      | Learned a level 3 spell: Stone Arrow
  8346 | D:9      | Reached skill level 5 in Shapeshifting
  8610 | D:9      | Found a staircase to the Lair.
  8613 | D:9      | Noticed Maurice
  8622 | D:9      | Maurice stole the +5 short sword "Esahes" {flame, rPois rN+
                  | Dex+2}
  8623 | D:9      | Killed Maurice
  8623 | D:9      | Reached ***** piety under Okawaru
  9074 | D:9      | Killed an unseen horror
  9428 | D:9      | Received a gift from Okawaru
  9560 | D:9      | Reached skill level 6 in Evocations
  9657 | D:9      | Reached skill level 5 in Conjurations
  9657 | D:9      | Reached skill level 5 in Hexes
  9657 | D:9      | Reached skill level 5 in Summonings
  9657 | D:9      | Reached skill level 5 in Necromancy
  9657 | D:9      | Reached skill level 5 in Translocations
  9657 | D:9      | Reached skill level 5 in Fire Magic
  9657 | D:9      | Reached skill level 5 in Ice Magic
  9657 | D:9      | Reached skill level 5 in Air Magic
  9657 | D:9      | Reached skill level 5 in Earth Magic
  9657 | D:9      | Reached skill level 5 in Alchemy
  9664 | D:9      | Reached XP level 11. HP: 33/89 MP: 18/20
  9933 | D:9      | Found a runed translucent gate.
  9933 | D:9      | Found a runed translucent gate.
  9934 | D:9      | Found a runed translucent gate.
  9936 | D:9      | Noticed roomforsquares's ghost (novice TrFi)
 10107 | D:9      | Found a viscous altar of Jiyva.
 10133 | D:10     | Entered Level 10 of the Dungeon
 10134 | D:10     | Upgraded the game from 0.31-a0-1611-g890cdf5 to
                  | 0.31-a0-1612-g4aaf141
 10188 | D:10     | Noticed Sonja
 10228 | D:10     | Found a flagged portal.
 10242 | Bailey   | Entered a bailey
 10662 | Bailey   | Noticed an orc knight
 10662 | Bailey   | Noticed an orc knight
 10668 | Bailey   | Killed an orc knight
 10668 | Bailey   | Killed an orc knight
 10817 | D:10     | Received a gift from Okawaru
 11033 | D:10     | Noticed Josephine
 11051 | D:10     | Killed Josephine
 11130 | D:10     | Found a shimmering blue altar of Sif Muna.
 11140 | D:10     | Noticed Erica
 11155 | D:10     | Killed Erica
 11191 | D:10     | Found an ornate altar of the Wu Jian Council.
 11386 | D:10     | Reached skill level 7 in Evocations
 11524 | D:10     | Noticed Snorg
 11532 | D:10     | Killed Snorg
 11533 | D:10     | Reached XP level 12. HP: 97/97 MP: 19/22
 11737 | D:10     | Killed Sonja
 11737 | D:10     | Received a gift from Okawaru
 11930 | D:10     | Identified the +7 halberd of Ruination {freeze, rElec SInv}
 12107 | Lair:1   | Entered Level 1 of the Lair of Beasts
 12387 | Lair:1   | Noticed a death yak
 12387 | Lair:1   | Noticed a death yak
 12388 | Lair:1   | Noticed a death yak
 12388 | Lair:1   | Noticed a death yak
 12388 | Lair:1   | Noticed a death yak
 12391 | Lair:1   | Noticed a death yak
 12399 | Lair:1   | Killed a death yak
 12402 | Lair:1   | Killed a death yak
 12402 | Lair:1   | Received a gift from Okawaru
 12403 | Lair:1   | Reached skill level 10 in Fighting
 12403 | Lair:1   | Reached skill level 10 in Polearms
 12403 | Lair:1   | Reached skill level 10 in Dodging
 12415 | Lair:1   | Killed a death yak
 12418 | Lair:1   | Killed a death yak
 12420 | Lair:1   | Killed a death yak
 12428 | Lair:1   | Killed a death yak
 12446 | Lair:1   | Found an opulent altar of Gozag.
 12962 | Lair:1   | Learned a level 1 spell: Sandblast
 13068 | Lair:1   | Received a gift from Okawaru
 13375 | Lair:2   | Reached skill level 8 in Evocations
 13404 | Lair:2   | Noticed a five-headed hydra
 13411 | Lair:2   | Killed a five-headed hydra
 13412 | Lair:2   | Reached XP level 13. HP: 64/104 MP: 25/25
 13561 | Lair:2   | Received a gift from Okawaru
 13733 | Lair:2   | Identified the +1 hat "Ifuuqots" {Rampage rF++ SInv}
 13819 | Lair:2   | Noticed Maggie
 13830 | Lair:2   | Killed Maggie
 13875 | Lair:2   | Noticed Fannar
 13896 | Lair:2   | Killed Fannar
 14430 | Lair:3   | Found a staircase to the Shoals.
 14442 | Lair:2   | Received a gift from Okawaru
 14750 | Lair:3   | Found a runed translucent door.
 14753 | Lair:3   | Noticed Wiowk's ghost (journeyman TrBe)
 14765 | Lair:3   | You fall into a shaft and drop 2 floors!
 14765 | Lair:5   | Entered Level 5 of the Lair of Beasts
 14793 | Lair:5   | Received a gift from Okawaru
 15055 | Lair:4   | Learned a level 3 spell: Inner Flame
 15060 | Lair:4   | Learned a level 4 spell: Sticky Flame
 15201 | Lair:4   | Learned a level 3 spell: Swiftness
 15343 | Lair:3   | Killed Wiowk's ghost
 15344 | Lair:3   | Reached skill level 9 in Evocations
 15579 | Lair:3   | Reached ****** piety under Okawaru
 15731 | Lair:3   | Received a gift from Okawaru
 15732 | Lair:3   | Reached skill level 10 in Invocations
 15732 | Lair:3   | Reached XP level 14. HP: 113/113 MP: 27/27
 15765 | Lair:3   | Found a staircase to the Snake Pit.
 15880 | Lair:3   | Acquired the +8 plate armour of Submission {*Corrode rC+
                  | Regen+ Dex+2}
 15880 | Lair:3   | Received a gift from Okawaru
 15893 | Lair:3   | Acquired the +4 demon whip "Gearob" {vamp, ^Contam rC+++
                  | rCorr Str-4}
 15893 | Lair:3   | Received a gift from Okawaru
 15941 | Lair:3   | Identified the +7 dagger "Peocogug" {freeze, Dex+10}
 16491 | Lair:4   | Found a staircase to the Slime Pits.
 16491 | Lair:4   | Found a viscous altar of Jiyva.
 16504 | Lair:4   | Found a runed translucent door.
 16509 | Lair:4   | Noticed Qiar's ghost (journeyman DsGl)
 17359 | Lair:5   | Received a gift from Okawaru
 17956 | Lair:5   | Received a gift from Okawaru
 18178 | Lair:5   | Upgraded the game from 0.31-a0-1612-g4aaf141 to
                  | 0.31-a0-1626-g5cb510d
 18265 | Lair:5   | Found a burning altar of Makhleb.
 18281 | Lair:5   | Found a gateway to Hell.
 18772 | D:11     | Received a gift from Okawaru
 19411 | D:12     | Reached skill level 10 in Short Blades
 19411 | D:12     | Reached skill level 10 in Long Blades
 19411 | D:12     | Reached skill level 10 in Axes
 19411 | D:12     | Reached skill level 10 in Maces & Flails
 19411 | D:12     | Reached skill level 10 in Staves
 19411 | D:12     | Reached skill level 10 in Ranged Weapons
 19411 | D:12     | Reached skill level 10 in Throwing
 19411 | D:12     | Reached skill level 10 in Armour
 19411 | D:12     | Reached skill level 10 in Stealth
 19411 | D:12     | Reached skill level 10 in Shields
 19411 | D:12     | Reached skill level 10 in Unarmed Combat
 19411 | D:12     | Reached skill level 10 in Spellcasting
 19411 | D:12     | Reached skill level 10 in Evocations
 19524 | D:12     | Found a staircase to the Orcish Mines.
 19593 | D:12     | Found a gate leading to a gauntlet.
 19607 | Gauntlet | Entered a Gauntlet
 19607 | Gauntlet | Found a transporter.
 19607 | Gauntlet | Found a transporter.
 19611 | Gauntlet | Found a transporter.
 19613 | Gauntlet | Found a transporter.
 19613 | Gauntlet | Found a large runed translucent door.
 19614 | Gauntlet | Found a large runed translucent door.
 19615 | Gauntlet | Found a large runed translucent door.
 19615 | Gauntlet | Found a large runed translucent door.
 19615 | Gauntlet | Found a runed translucent door.
 19615 | Gauntlet | Found a runed translucent door.
 19616 | Gauntlet | Found a large runed translucent door.
 19616 | Gauntlet | Found a large runed translucent door.
 19616 | Gauntlet | Found a large runed translucent door.
 19616 | Gauntlet | Found a large runed translucent door.
 19617 | Gauntlet | Found a large runed translucent door.
 19618 | Gauntlet | Found a large runed translucent door.
 19618 | Gauntlet | Found a transporter.
 19640 | Gauntlet | Found a transporter.
 19654 | Gauntlet | Found a large runed translucent door.
 19655 | Gauntlet | Found a large runed translucent door.
 19656 | Gauntlet | Found a large runed translucent door.
 19657 | Gauntlet | Found a runed translucent gate.
 19663 | Gauntlet | Found a transporter.
 19669 | Gauntlet | Found a transporter.
 19669 | Gauntlet | Found a transporter.
 19673 | Gauntlet | Found a transporter.
 19689 | Gauntlet | Found a transporter.
 19690 | Gauntlet | Found a runed translucent gate.
 19690 | Gauntlet | Found a runed translucent gate.
 19691 | Gauntlet | Found a large runed translucent door.
 19692 | Gauntlet | Found a large runed translucent door.
 19693 | Gauntlet | Found a large runed translucent door.
 19696 | Gauntlet | Found a transporter.
 19795 | Gauntlet | Found a transporter.
 19811 | Gauntlet | Found a transporter.
 19911 | Gauntlet | Found a transporter.
 19927 | Gauntlet | Found a transporter.
 20104 | Gauntlet | Identified the +10 plate armour of the Aged Wishes {rF+
                  | Regen+ rCorr Str+4}
 20167 | Gauntlet | Reached XP level 15. HP: 106/120 MP: 29/29
 20232 | Gauntlet | Identified the +4 battleaxe of Zin, Hurtling {holy, rCorr
                  | Int+4}
 20279 | Gauntlet | Received a gift from Okawaru
 20308 | Gauntlet | Identified the ring of Nihilism {rF+ rN+}
 20318 | Gauntlet | Got the Notes on Helpful Ignition
 20619 | D:12     | Noticed Rupert
 20640 | D:12     | Killed Rupert
 20876 | D:12     | Found an ornate altar of the Wu Jian Council.
 21105 | Orc:1    | Entered Level 1 of the Orcish Mines
 21105 | Orc:1    | Found Mucloseu's Jewellery Shop.
 21233 | Orc:1    | Upgraded the game from 0.31-a0-1626-g5cb510d to
                  | 0.32-a0-12-g7fc57aa
 21233 | Orc:1    | Bought the ring of the Saviour {Will++ EV+5 Slay+3} for
                  | 1044 gold pieces
 21464 | Orc:1    | Received a gift from Okawaru
 21535 | Orc:1    | Found a runed translucent gate.
 21535 | Orc:1    | Found a runed translucent gate.
 21535 | Orc:1    | Found a runed translucent gate.
 21535 | Orc:1    | Noticed Hufalaah's ghost (journeyman DsGl)
 21580 | Orc:2    | Entered Level 2 of the Orcish Mines
 21823 | Orc:2    | Noticed Azrael
 21897 | Orc:2    | Killed Azrael
 22073 | Orc:2    | Received a gift from Okawaru
 22105 | Orc:2    | Found a staircase to the Elven Halls.
 22218 | Orc:2    | Found Ihacluiw's Antique Armour Shoppe.
 22218 | Orc:2    | Found Zavuk's General Store.
 22218 | Orc:2    | Found Foghyrei's General Store.
 22223 | Orc:2    | Found Fiomomab's General Store.
 22472 | Orc:2    | Bought a +1 pair of boots of flying for 231 gold pieces
 22480 | Orc:2    | Bought the ring of the Tempest {rElec Will++ rCorr Str-3
                  | Dex+2} for 596 gold pieces
 22517 | Orc:1    | Bought a ring of poison resistance for 300 gold pieces
 22675 | Shoals:1 | Entered Level 1 of the Shoals
 22782 | Shoals:1 | Found Yseonuu's Antique Armour Emporium.
 22994 | Shoals:1 | Received a gift from Okawaru
 23374 | Shoals:2 | Found the ring of the Octopus King
 23375 | Shoals:2 | Identified a ring of the Octopus King {rF+ HP+2 AC+2 EV+2
                  | SH+2}
 23380 | Shoals:1 | Upgraded the game from 0.32-a0-12-g7fc57aa to
                  | 0.32-a0-290-g598725c
 23444 | Shoals:2 | Reached skill level 10 in Shapeshifting
 23540 | Shoals:3 | Reached XP level 16. HP: 129/129 MP: 30/30
 23549 | Shoals:3 | Noticed Polyphemus
 23551 | Shoals:3 | Found Voc Unt's Antique Armour Boutique.
 23588 | Shoals:3 | Killed Polyphemus
 23588 | Shoals:3 | Received a gift from Okawaru
 23618 | Shoals:3 | Reached skill level 11 in Evocations
 23875 | Shoals:3 | Found a flickering gateway to a bazaar.
 23906 | Shoals:3 | Found Vora's Jewellery Emporium.
 23906 | Shoals:3 | Found Ennuonla's Assorted Antiques.
 23944 | Shoals:3 | Noticed Mlioglotl
 23949 | Arena    | Entered the Arena
 23950 | Arena    | Noticed an ancient lich
 23956 | Arena    | Killed Mlioglotl
 24000 | Bazaar   | Entered a bazaar
 24013 | Bazaar   | Found Koatweg's General Store.
 24035 | Bazaar   | Found Ishriuzyi's Antique Armour Emporium.
 24056 | Bazaar   | Found Koreoch's Assorted Antiques.
 24076 | Bazaar   | Found Xoxulagh's Antique Weapon Shoppe.
 24118 | Bazaar   | Bought a dazzling cloak for 209 gold pieces
 24118 | Bazaar   | Identified the +1 cloak "Yzxaam" {rPois} (You bought it in
                  | a shop in a bazaar)
 24267 | Shoals:4 | Entered Level 4 of the Shoals
 24432 | Shoals:4 | Got a barnacled rune of Zot
 24434 | Shoals:4 | Got an azure gem with 380 turns to spare
 24574 | Snake:1  | Entered Level 1 of the Snake Pit
 24882 | Snake:4  | Entered Level 4 of the Snake Pit
 24893 | Snake:4  | Received a gift from Okawaru
 25076 | Snake:3  | Reached XP level 17. HP: 129/137 MP: 18/32
 25123 | Snake:3  | Noticed Vashnia
 25132 | Snake:3  | Reached skill level 10 in Conjurations
 25132 | Snake:3  | Reached skill level 10 in Hexes
 25132 | Snake:3  | Reached skill level 10 in Summonings
 25132 | Snake:3  | Reached skill level 10 in Necromancy
 25132 | Snake:3  | Reached skill level 10 in Translocations
 25132 | Snake:3  | Reached skill level 10 in Fire Magic
 25132 | Snake:3  | Reached skill level 10 in Ice Magic
 25132 | Snake:3  | Reached skill level 10 in Air Magic
 25132 | Snake:3  | Reached skill level 10 in Earth Magic
 25132 | Snake:3  | Reached skill level 10 in Alchemy
 25172 | Snake:3  | Killed Vashnia
 25185 | Snake:3  | Noticed Louise
 25188 | Snake:3  | Received a gift from Okawaru
 25215 | Snake:3  | Killed Louise
 25271 | Snake:3  | Learned a level 3 spell: Frozen Ramparts
 25309 | Snake:3  | Identified the +0 shortbow "Fist" {antimagic, +Blink Int-5
                  | Dex+6 SInv}
 25384 | Snake:4  | Reached skill level 12 in Evocations
 25453 | Snake:4  | Noticed Mara
 25476 | Snake:4  | Killed Mara
 25476 | Snake:4  | Received a gift from Okawaru
 25928 | Snake:4  | Received a gift from Okawaru
 26310 | Snake:4  | Reached XP level 18. HP: 132/146 MP: 34/34
 26326 | Snake:4  | Got a jade gem with 1056 turns to spare
 26328 | Snake:4  | Got a serpentine rune of Zot
 26664 | Lair:4   | Killed Qiar's ghost
 26723 | Lair:4   | Received a gift from Okawaru
 26961 | D:13     | Noticed Lodul
 26978 | D:13     | Killed Lodul
 27707 | D:13     | Received a gift from Okawaru
 28878 | D:14     | Reached skill level 13 in Evocations
 28961 | D:14     | Identified a scroll of acquirement
 28964 | D:14     | Acquired 829 gold pieces
 29520 | D:14     | Found a gate to the Vaults.
 29573 | D:15     | Entered Level 15 of the Dungeon
 29573 | D:15     | Noticed Nessos
 29575 | D:15     | Nessos changed into Nessos the redback
 29575 | D:15     | Noticed Nessos
 29581 | D:15     | Killed Nessos the redback
 29849 | D:15     | Received a gift from Okawaru
 29972 | D:15     | Found an ancient bone altar of Kikubaaqudgha.
 30443 | D:15     | Found a staircase to the Depths.
 30561 | D:15     | Found Aconih's Antique Armour Boutique.
 30628 | Vaults:1 | Entered Level 1 of the Vaults
 30628 | Vaults:1 | Found a portal to a secret trove of treasure.
 30661 | Vaults:1 | You paid a toll of 5 scrolls of fear to enter a treasure
                  | trove
 30662 | Trove    | Entered a treasure trove
 30826 | Vaults:1 | Received a gift from Okawaru
 30864 | Vaults:1 | Reached XP level 19. HP: 153/153 MP: 34/36
 31154 | Vaults:1 | Received a gift from Okawaru
 31497 | Vaults:2 | Received a gift from Okawaru
 31641 | Vaults:2 | Identified the ring "Xuyvvoty" {rPois Dex+3 SInv}
 31667 | Vaults:2 | Gained mutation: You have hidden genetic defects. [potion
                  | of mutation]
 31867 | Vaults:2 | Identified the serpent talisman of a Labyrinth {Int+4}
 31867 | Vaults:2 | Noticed Aizul
 31874 | Vaults:2 | Reached skill level 14 in Evocations
 31899 | Vaults:2 | Killed Aizul
 31980 | Vaults:2 | You are sucked into a shaft and drop 1 floor!
 32035 | Vaults:3 | Reached skill level 15 in Fighting
 32035 | Vaults:3 | Reached skill level 15 in Polearms
 32035 | Vaults:3 | Reached skill level 15 in Dodging
 32205 | Vaults:3 | Noticed Norris
 32219 | Vaults:3 | Killed Norris
 32219 | Vaults:3 | Received a gift from Okawaru
 32337 | Vaults:3 | Gained mutation: You are weak. (Str -2) [hidden defects]
 32409 | Vaults:3 | Found a staircase to the Crypt.
 32625 | Vaults:3 | Reached skill level 15 in Invocations
 32634 | Vaults:3 | Received a gift from Okawaru
 32818 | Vaults:4 | Gained mutation: Your magical capacity is low. (-10% MP)
                  | [hidden defects]
 32818 | Vaults:4 | Lost mutation: You have hidden genetic defects. [hidden
                  | defects expressed]
 32884 | Vaults:4 | Reached XP level 20. HP: 162/162 MP: 34/34
 32921 | Vaults:4 | Received a gift from Okawaru
 33035 | Vaults:4 | Upgraded the game from 0.32-a0-290-g598725c to
                  | 0.32-a0-303-g8574905
 33196 | Vaults:5 | Entered Level 5 of the Vaults
 33215 | Vaults:5 | Received a gift from Okawaru
 33216 | Vaults:5 | Reached skill level 15 in Evocations
 33319 | Vaults:5 | Noticed an ancient lich
 33333 | Vaults:5 | Killed an ancient lich
 33333 | Vaults:5 | Received a gift from Okawaru
 33359 | Vaults:5 | Identified the ring "Luod" {rPois Will+ Str+3}
 33536 | Vaults:5 | Received a gift from Okawaru
 33659 | Vaults:5 | Identified the +11 orcbow of the Skies Above {drain, rN+
                  | rCorr Str+3 Dex+2}
 33765 | Vaults:5 | Identified the +4 battleaxe "Jellyslayer" {protect, rPois
                  | MP+9 Str-3 Dex-4}
 33842 | Vaults:5 | Noticed a dread lich
 33861 | Vaults:5 | Killed a dread lich
 33862 | Vaults:5 | Reached XP level 21. HP: 72/167 MP: 35/35
 33879 | Vaults:5 | Received a gift from Okawaru
 34017 | Vaults:5 | Noticed a golden dragon
 34031 | Vaults:5 | Killed a golden dragon
 34058 | Vaults:5 | Reached skill level 16 in Evocations
 34154 | Vaults:5 | Reached skill level 15 in Maces & Flails
 34186 | Vaults:5 | Received a gift from Okawaru
 34277 | Vaults:5 | Found the +7 great mace "Firestarter" {flame, immolate,
                  | rFlCloud rF++}
 34280 | Vaults:5 | Got a shining gem with 826 turns to spare
 34284 | Vaults:5 | Got a silver rune of Zot
 34315 | Vaults:5 | Noticed a golden dragon
 34342 | Vaults:5 | Killed a golden dragon
 34574 | Vaults:5 | Identified the +4 mace of Success {drain, Dex+3}
 34617 | Vaults:5 | Received a gift from Okawaru
 34721 | Vaults:5 | Noticed Saint Roka
 34740 | Vaults:5 | Killed Saint Roka
 35010 | Vaults:4 | Reached skill level 15 in Short Blades
 35010 | Vaults:4 | Reached skill level 15 in Long Blades
 35010 | Vaults:4 | Reached skill level 15 in Axes
 35010 | Vaults:4 | Reached skill level 15 in Staves
 35010 | Vaults:4 | Reached skill level 15 in Ranged Weapons
 35010 | Vaults:4 | Reached skill level 15 in Throwing
 35010 | Vaults:4 | Reached skill level 15 in Armour
 35010 | Vaults:4 | Reached skill level 15 in Stealth
 35010 | Vaults:4 | Reached skill level 15 in Shields
 35010 | Vaults:4 | Reached skill level 15 in Unarmed Combat
 35010 | Vaults:4 | Reached skill level 15 in Spellcasting
 35133 | Vaults:4 | Identified the +7 chain mail of Gravity {rC+}
 35200 | Vaults:4 | Received a gift from Okawaru
 35248 | Vaults:4 | Learned a level 1 spell: Apportation
 35253 | Vaults:4 | Learned a level 4 spell: Leda's Liquefaction
 35329 | Vaults:2 | Noticed Bai Suzhen
 35364 | Vaults:2 | Killed Bai Suzhen
 36054 | Depths:1 | Entered Level 1 of the Depths
 36087 | Depths:2 | Noticed Sojobo
 36102 | Depths:2 | Killed Sojobo
 36102 | Depths:2 | Received a gift from Okawaru
 36127 | Depths:2 | Reached skill level 17 in Evocations
 36215 | Depths:2 | Reached XP level 22. HP: 170/179 MP: 37/37
 36237 | Depths:2 | Found a one-way gate leading to the halls of Pandemonium.
 36482 | Depths:2 | Found a one-way gateway to a ziggurat.
 36575 | Depths:3 | Found Upruros's Jewellery Emporium.
 36577 | Depths:3 | Found Itroiho's Book Boutique.
 36580 | Depths:3 | Found Damn's Jewellery Emporium.
 36619 | Depths:3 | Bought Great Wizards, Vol. VII for 330 gold pieces
 36619 | Depths:3 | Bought a book of Minor Magic for 176 gold pieces
 36619 | Depths:3 | Bought a book of the Senses for 440 gold pieces
 36624 | Depths:3 | Learned a level 2 spell: Blink
 36628 | Depths:3 | Learned a level 3 spell: Dazzling Flash
 36633 | Depths:3 | Learned a level 4 spell: Passage of Golubria
 36639 | Depths:3 | Learned a level 5 spell: Silence
 36645 | Depths:3 | Learned a level 5 spell: Yara's Violent Unravelling
 36950 | Depths:4 | Entered Level 4 of the Depths
 36968 | Depths:4 | Paralysed by a vampire knight for 3 turns
 36989 | Depths:4 | Paralysed by a vampire knight for 2 turns
 37131 | Depths:4 | Noticed Grunn
 37139 | Depths:4 | Upgraded the game from 0.32-a0-303-g8574905 to
                  | 0.32-a0-305-gcc768c7
 37149 | Depths:4 | Killed Grunn
 37160 | Depths:4 | Received a gift from Okawaru
 37532 | Depths:4 | Found a gate to the Realm of Zot.
 37537 | Depths:4 | Got a midnight gem with 1843 turns to spare
 37555 | Depths:4 | Received a gift from Okawaru
 37631 | Zot:1    | Entered Level 1 of the Realm of Zot
 37655 | Zot:1    | Reached skill level 18 in Evocations
 37977 | Zot:2    | Reached XP level 23. HP: 43/156 MP: 38/38
 38135 | Zot:3    | Noticed a curse toe
 38140 | Zot:3    | Killed a curse toe
 38220 | Zot:3    | Received a gift from Okawaru
 38268 | Zot:5    | Entered Level 5 of the Realm of Zot
 38304 | Zot:5    | Learned a level 4 spell: Fulminant Prism
 38469 | Zot:5    | Noticed an orb of fire
 38469 | Zot:5    | Noticed an orb of fire
 38469 | Zot:5    | Noticed an orb of fire
 38472 | Zot:5    | Noticed a Killer Klown
 38479 | Zot:5    | Noticed an ancient lich
 38492 | Zot:5    | Killed an ancient lich
 38552 | Zot:5    | Received a gift from Okawaru
 38627 | Zot:5    | Killed an orb of fire
 38628 | Zot:5    | Reached skill level 15 in Shapeshifting
 38629 | Zot:5    | Killed a Killer Klown
 38634 | Zot:5    | Killed an orb of fire
 38722 | Zot:5    | Identified the +0 plate armour "Feusaorr" {Dex+4 SInv}
 38725 | Zot:5    | Got the Orb of Zot
 38746 | Zot:5    | Received a gift from Okawaru
 38775 | Zot:5    | Reached skill level 19 in Evocations
 38797 | Zot:5    | Got a prismatic gem with 95 turns to spare
 38800 | Zot:5    | Noticed Yreimuof the pandemonium lord
 38811 | Zot:5    | Noticed Quesmess the pandemonium lord
 38823 | Zot:5    | Killed Yreimuof the pandemonium lord
 38838 | Zot:5    | Killed Quesmess the pandemonium lord
 38910 | Zot:2    | Noticed a seraph
 38939 | Zot:2    | Killed a seraph
 38980 | Zot:2    | Reached XP level 24. HP: 160/197 MP: 32/39
 39271 | Depths:4 | Noticed Hiefohuyzi the pandemonium lord
 39346 | Depths:4 | Found Ziobi's Antique Weapon Shoppe.
 39346 | Depths:4 | Found Vuiso's Distillery.
 39388 | Depths:4 | Bought a potion of heal wounds for 80 gold pieces
 39388 | Depths:4 | Bought a potion of heal wounds for 80 gold pieces
 39388 | Depths:4 | Bought a potion of heal wounds for 80 gold pieces
 39459 | Depths:3 | Received a gift from Okawaru
 40123 | D:$      | Escaped with the Orb!

Illustrated notes

Levels and vault maps discovered:
D:1:      nicolae_arrival_washed_ashore, layout_basic
D:2:      layout_loops_ring, uniq_sigmund
D:3:      layout_loops_ring, uniq_jessica, uniq_natasha, uniq_grinder,
          uniq_crazy_yiuf_cottage
D:4:      layout_loops_ring, fedhas_altar_decomposition,
          minmay_temple_entry_overgrown, minmay_fractal_squares_5
D:5:      layout_rooms, elyvilon_altar_4
D:6:      layout_cave_pools, mainiacjoe_overflow_chevrons,
          serial_co_window_serial, co_window_of_opportunity_a,
          co_window_of_opportunity_a, co_window_of_opportunity_a,
          co_window_paths_a, co_window_corner_a, co_window_cross_4,
          co_window_unsneaky_path_a, co_window_cross_4, co_window_corner_cb,
          co_window_2corner, co_window_cross_3, co_window_corner_b,
          glass_columns_b
D:7:      layout_cave_pods, nicolae_hepliaklqana_hippocampus,
          nicolae_houndstooth_variations
D:8:      gammafunk_beogh_shrine, layout_basic, uniq_psyche
D:9:      minmay_skewed_foursquare, layout_stronghold, lair_entry_dummy,
          gammafunk_ghost_ooze, uniq_maurice
D:10:     layout_stronghold, kennysheep_little_box, general_overflow_altar,
          serial_co_window_serial, co_window_corner_a, co_window_paths_a,
          co_window_cross_1, co_window_of_opportunity_a, co_window_paths_b,
          co_window_broadway_a, co_window_2corner, co_window_corner_ca,
          co_window_4corner_b, glass_columns_b, enter_bailey_2,
          dreamdust_princess_corridor, uniq_snorg, uniq_sonja, uniq_josephine,
          uniq_erica
D:11:     layout_loops_ring
D:12:     layout_big_octagon, david_orc_4, gauntlet_entry_generic, minivault_16,
          serial_park_tiny_1, ebering_dispersal_statue_hall,
          nicolae_wu_jian_glorious_leap, uniq_rupert
D:13:     minmay_spiral_squares, layout_irregular_city, grunt_ministairs_7,
          uniq_lodul
D:14:     layout_layer_cave, hellmonk_vaults_attempted_burglary,
          infiniplex_staircase_pillars_1
D:15:     grunt_enter_depths_magical_seal, layout_rooms,
          kiku_gazebo_garden_becter, serial_shops,
          nicolae_shop_pleasant_corner_grove, uniq_nessos
Temple:   nicolae_temple_x_marks_the_god
Lair:1:   layout_chaotic_city, basic_altar, chequers_serial_rivers_micro_d
Lair:2:   layout_roguey, infiniplex_staircase_pool_2, grunt_megastairs_5,
          uniq_fannar, uniq_maggie
Lair:3:   layout_hall_layers, nicolae_shoals_entry_roost,
          guppyfry_snake_entry_island, hellmonk_ghost_happy_afterlife,
          beast_lair_carwin_2, serial_bayou_shore_a
Lair:4:   layout_long_grid, minmay_slime_entry_oklob_open,
          ebering_ghost_inner_flame, nicolae_lair_lindhole
Lair:5:   evil_forest, layout_gridlike
Shoals:1: layout_shoals, serial_shops, nicolae_shop_hallway_plus
Shoals:2: layout_shoals, uniq_nikola
Shoals:3: layout_shoals, serial_shops, bzr_in_the_mist,
          nicolae_shop_overgrown_old_shop, shop, nicolae_shop_peninsula,
          nicolae_shop_rolled_up, nicolae_shoals_arrival_archipelago,
          uniq_polyphemus, uniq_mlioglotl
Shoals:4: shoals_end_grunt_ice, layout_shoals, dpeg_stationary_puzzle
Snake:1:  layout_rooms, nicolae_triple_integral
Snake:2:  gammafunk_the_bubble [the_bubble_gammafunk_roulette],
          layout_misc_corridors, minmay_snake_pond
Snake:3:  nicolae_snake_shooting_gallery, layout_rooms, uniq_vashnia,
          uniq_louise
Snake:4:  snake_pit_salamanders_mu, layout_onion, st_stairs_8, uniq_mara
Orc:1:    layout_caves, serial_shops, shop, gammafunk_ghost_necromancy,
          basic_altar
Orc:2:    st_orc_mages, layout_caves, uniq_azrael
Vaults:1: v_misc_1, vaults_dpeg_diagonal, nicolae_vaults_shelves_hall,
          nicolae_vaults_mini_display_case, nicolae_vaults_closet_pinwheel_2,
          vaults_room_large_hall, vaults_dpeg_encased_lava, v_misc_18, v_misc_1,
          nicolae_vaults_mitosis, nicolae_vaults_tangram_2, layout_vaults_ring,
          nicolae_trove_entry_isolated, uniq_asterion
Vaults:2: ontoclasm_vaults_shuriken, hangedman_vaults_cutoff,
          vaults_standard_mumra_lines, vaults_dpeg_ring, vaults_room_semicircle,
          nicolae_vaults_sesquioval_fish, layout_vaults_omnigrid, uniq_aizul,
          uniq_bai_suzhen
Vaults:3: v_misc_11, vaults_room_hallway, nicolae_vaults_c_with_doors,
          nicolae_vaults_apartment_1, nicolae_vaults_weapon_check,
          nicolae_vaults_house_1, nicolae_vaults_trapezoid_lopsided_1,
          ontoclasm_vaults_fault, minmay_crypt_entry_simple_sparse,
          nicolae_vaults_layer_cake_slice, layout_vaults_omnicross,
          serial_shops, shop, uniq_norris
Vaults:4: nicolae_vaults_octothorpe, nicolae_vaults_big_angled_halls,
          nicolae_vaults_little_squares_1, vaults_room_fours, v_rooms_5,
          vaults_mumra_chevron, nicolae_vaults_network_star,
          nicolae_vaults_back_hallway, nicolae_vaults_what_the_h,
          vaults_room_stairs_pillars, vaults_room_corners, v_misc_5,
          vaults_room_semicircle, vaults_room_pools, nicolae_vaults_diamond_2,
          layout_vaults_omnibox
Vaults:5: uniq_saint_roka
Depths:1: layout_gridlike, dk_noncrumbling_4, hangedman_abyss_entry_splay,
          pf_hell_entry_tar_spiral, evilmike_spriggan_trog_shrine
Depths:2: kennysheep_blocky_hall, layout_cave_pools, enter_ziggurat_a,
          rand_demon_pan_entry_3, grunt_hell_entry_dis_mu,
          hellmonk_sif_muna_bookshelves, uniq_sojobo
Depths:3: evilmike_negative_zone, layout_basic,
          nicolae_hell_entry_hellmouth_sunbeams, abyss_entry,
          minmay_staircase_bubble, minmay_shop_grove
Depths:4: evilmike_zot_entry_basic, layout_basic, hell_entry,
          hangedman_corner_corridor, minmay_shoptagon, uniq_grunn
Zot:1:    layout_misc_corridors, regret_index_zotdec_magical_s,
          grunt_ministairs_14, st_single_dragon_hoard_3
Zot:2:    layout_concentric_octagons, regret_index_zotdec_zees
Zot:3:    layout_cathedral_of_symmetry, regret_index_zotdec_dark_gr
Zot:4:    layout_gridlike
Zot:5:    layout_gridlike

Skill      XL: |  1  2  3  4  5  6  7  8  9 10 11 12 13 14 15 16 17 18 19 20 21 22 23 |
---------------+----------------------------------------------------------------------+-----
Invocations    | 1 2 3 4 5 6 7 8 10 11 12 13 14 15 16 17 18 | 18.2
Short Blades   | 1 2 3 5 6 7 8 9 10 11 12 13 14 15 16 | 16.8
Long Blades    | 1 2 3 5 6 7 8 9 10 11 12 13 14 15 16 | 16.8
Axes           | 1 2 3 5 6 7 8 9 10 11 12 13 14 15 16 | 16.8
Maces & Flails | 1 2 3 5 6 7 8 9 10 11 12 13 14 16 17 18 | 18.9
Staves         | 1 2 3 5 6 7 8 9 10 11 12 13 14 15 16 | 16.8
Ranged Weapons | 1 2 3 5 6 7 8 9 10 11 12 13 14 15 16 | 16.8
Throwing       | 1 2 3 5 6 7 8 9 10 11 12 13 14 15 16 | 16.8
Armour         | 1 2 3 5 6 7 8 9 10 11 12 13 14 15 16 | 16.8
Stealth        | 1 2 3 5 6 7 8 9 10 11 12 13 14 15 16 | 16.8
Shields        | 1 2 3 5 6 7 8 9 10 11 12 13 14 15 16 | 16.8
Unarmed Combat | 1 2 3 5 6 7 8 9 10 11 12 13 14 15 16 | 16.8
Spellcasting   | 1 2 3 5 6 7 8 9 10 11 12 13 14 15 16 | 16.8
Evocations     | 1 2 3 5 6 7 8 9 10 11 12 13 14 15 17 18 19 | 19.7
Shapeshifting  | 1 2 3 4 5 6 7 8 9 10 11 12 13 14 15 | 15.5
Conjurations   | 1 2 3 4 5 6 7 8 9 10 11 12 13 14 | 14.3
Hexes          | 1 2 3 4 5 6 7 8 9 10 11 12 13 14 | 14.3
Summonings     | 1 2 3 4 5 6 7 8 9 10 11 12 13 14 | 14.3
Necromancy     | 1 2 3 4 5 6 7 8 9 10 11 12 13 14 | 14.3
Translocations | 1 2 3 4 5 6 7 8 9 10 11 12 13 14 | 14.3
Fire Magic     | 1 2 3 4 5 6 7 8 9 10 11 12 13 14 | 14.3
Ice Magic      | 1 2 3 4 5 6 7 8 9 10 11 12 13 14 | 14.3
Air Magic      | 1 2 3 4 5 6 7 8 9 10 11 12 13 14 | 14.3
Earth Magic    | 1 2 3 4 5 6 7 8 9 10 11 12 13 14 | 14.3
Alchemy        | 1 2 3 4 5 6 7 8 9 10 11 12 13 14 | 14.3
Fighting       | 7 8 9 10 11 12 13 14 15 16 17 | 17.9
Polearms       | 7 8 9 10 11 12 13 14 15 16 17 | 17.9
Dodging        | 7 8 9 10 11 12 13 14 15 16 17 | 17.9

Action                     |  1- 3 |  4- 6 |  7- 9 | 10-12 | 13-15 | 16-18 | 19-21 | 22-24 || total
---------------------------+-------+-------+-------+-------+-------+-------+-------+-------++-------
  Melee: Spear             |   120 |    25 |   425 |    43 |       |       |       |       ||   613
         Bite              |     6 |     7 |    78 |    55 |   245 |   338 |   367 |   227 ||  1323
         Halberd           |       |    40 |   116 |   401 |   338 |       |       |       ||   895
         Short sword       |       |    26 |     9 |       |       |       |       |       ||    35
         Unarmed           |       |     7 |       |       |       |       |       |       ||     7
         Demon whip        |       |       |       |       |  1171 |  1827 |  1506 |  1087 ||  5591
         Punch             |       |       |       |       |     6 |       |       |       ||     6
   Fire: Arbalest          |       |       |       |    23 |       |       |       |       ||    23
         Triple crossbow   |       |       |       |     2 |       |       |       |       ||     2
  Throw: Dart              |       |       |     2 |    30 |    84 |    30 |    52 |    43 ||   241
         Boomerang         |       |       |       |    12 |    51 |   104 |   201 |   338 ||   706
         Throwing net      |       |       |       |     3 |     1 |     1 |       |       ||     5
         Javelin           |       |       |       |    14 |    20 |    47 |   158 |   236 ||   475
   Cast: Stone Arrow       |       |       |       |     8 |       |       |       |       ||     8
         Sandblast         |       |       |       |     3 |       |       |       |       ||     3
         Inner Flame       |       |       |       |       |     9 |       |       |       ||     9
         Frozen Ramparts   |       |       |       |       |       |     3 |     7 |    11 ||    21
         Leda's Liquefacti |       |       |       |       |       |       |     2 |    11 ||    13
         Apportation       |       |       |       |       |       |       |       |    53 ||    53
         Dazzling Flash    |       |       |       |       |       |       |       |     2 ||     2
         Passwall          |       |       |       |       |       |       |       |     3 ||     3
 Invoke: Heroism           |       |       |     3 |    12 |    26 |    19 |    22 |    29 ||   111
         Finesse           |       |       |       |     2 |     3 |    12 |     4 |     7 ||    28
         Receive Weapon    |       |       |       |       |     1 |       |       |       ||     1
         Receive Armour    |       |       |       |       |     1 |       |       |       ||     1
         Duel              |       |       |       |       |       |     1 |       |       ||     1
  Evoke: Wand              |       |       |       |    10 |    14 |     6 |     9 |    23 ||    62
         Tin of tremorston |       |       |       |       |       |       |     8 |     2 ||    10
         Phial of floods   |       |       |       |       |       |       |     1 |     1 ||     2
    Use: Scroll            |     1 |     2 |    12 |    12 |     6 |     8 |     6 |     4 ||    51
         Potion            |       |     5 |     2 |     2 |     7 |     3 |     4 |     3 ||    26
   Stab: Sleeping          |       |       |       |     2 |     2 |       |       |     3 ||     7
         Held in net/web   |       |       |       |     2 |     4 |       |       |       ||     6
         Invisible         |       |       |       |       |     7 |       |    17 |    10 ||    34
         Petrified         |       |       |       |       |       |     2 |       |       ||     2
         Distracted        |       |       |       |       |       |       |     3 |       ||     3
 Armour: Plate armour      |    28 |       |       |       |   896 |   984 |  1114 |   674 ||  3696
         Chain mail        |    16 |    76 |   281 |   354 |   272 |       |       |       ||   999
         Skin              |       |     7 |       |       |       |       |       |       ||     7
         Acid dragon scale |       |       |       |    32 |       |       |       |       ||    32
         Troll leather arm |       |       |       |     8 |       |       |       |       ||     8
  Dodge: Dodged            |    15 |    26 |   163 |   271 |   717 |   923 |   676 |   490 ||  3281
         Repelled          |       |       |       |       |     7 |    47 |       |       ||    54
  Block: Buckler           |       |       |       |       |    21 |       |       |       ||    21
         Kite shield       |       |       |       |       |       |   444 |  1068 |       ||  1512
         Tower shield      |       |       |       |       |       |       |    68 |  1442 ||  1510
         Reflection        |       |       |       |       |       |       |     1 |    11 ||    12

Table legend: (Time is in decaauts)
 A = Elapsed time spent in this place.
 B = Non-inter-level travel time spent in this place.
 C = Inter-level travel time spent in this place.
 D = Time resting spent in this place.
 E = Time spent auto-exploring this place.
 F = Levels seen in this place.
 G = Mean time per level.
                   A        B        C        D        E       F      G
               +--------+--------+--------+--------+--------+-----+--------+
         Total |  37701 |  33581 |   4120 |   1674 |  17266 |  50 |  754.0 |
       Dungeon |  17894 |  15427 |   2467 |    177 |  11416 |  15 | 1192.9 |
        Temple |     11 |      8 |      3 |      0 |      0 |   1 |   11.0 |
          Lair |   6985 |   5850 |   1135 |    759 |   2743 |   5 | 1397.0 |
        Shoals |   1527 |   1437 |     90 |     51 |    367 |   4 |  381.8 |
     Snake Pit |   1546 |   1424 |    122 |    189 |    133 |   4 |  386.5 |
  Orcish Mines |   1290 |   1211 |     79 |    237 |    505 |   2 |  645.0 |
        Vaults |   4197 |   4058 |    139 |     33 |   1459 |   5 |  839.4 |
        Depths |   1497 |   1458 |     39 |      9 |    233 |   4 |  374.2 |
           Zot |   1307 |   1265 |     42 |     86 |     87 |   5 |  261.4 |
        Bazaar |    142 |    142 |      0 |      0 |     93 |   1 |  142.0 |
         Trove |     55 |     55 |      0 |      0 |      0 |   1 |   55.0 |
        Bailey |    521 |    521 |      0 |    127 |      0 |   1 |  521.0 |
      Gauntlet |    705 |    705 |      0 |      6 |    229 |   1 |  705.0 |
         Arena |     18 |     18 |      0 |      0 |      0 |   1 |   18.0 |
               +--------+--------+--------+--------+--------+-----+--------+

Top non-repeatable levels by time:
     D:9: 2251 daAuts
  Lair:1: 1658 daAuts
    D:10: 1578 daAuts
  Lair:5: 1472 daAuts
    D:14: 1428 daAuts
  Lair:3: 1352 daAuts
  Lair:2: 1339 daAuts
     D:4: 1335 daAuts
    D:13: 1333 daAuts
Vaults:5: 1284 daAuts
     D:6: 1255 daAuts
     D:3: 1184 daAuts
  Lair:4: 1163 daAuts
 Snake:4: 1106 daAuts
    D:12: 1085 daAuts
